 Dungeon Crawl Stone Soup version 0.29.0-4-gdea44cf6ec (webtiles) character file.

Game seed: 6002792563110979167

37 qw the Chopper (level 3, -1/21 HPs)
             Began as a Tengu Warper on Aug 29, 2022.
             Succumbed to their own poison gas
             ... on level 2 of the Dungeon.
             The game lasted 00:00:48 (646 turns).

qw the Chopper (Tengu Warper)                        Turns: 646, Time: 00:00:49

Health: -1/21      AC:  6    Str: 13    XL:     3   Next: 39%
Magic:  7/7        EV: 11    Int: 13    God:
Gold:   55         SH:  0    Dex: 13    Spells: 6/6 levels left

rFire   . . .      SeeInvis .   Y - +0 hand axe
rCold   . . .      Faith    .   (no shield)
rNeg    . . .      Spirit   .   h - +1 ring mail {Will+}
rPois   .          Reflect  .   (helmet restricted)
rElec   .          Harm     .   (no cloak)
rCorr   .          Rampage  .   (no gloves)
Will    +....                   (boots unavailable)
Stlth   +.........              (no amulet)
HPRegen 0.07/turn               (no ring)
MPRegen 0.10/turn               (no ring)

@: lethally poisoned (-1 -> -11)
A: beak, talons 3
a: no special abilities


You were on level 2 of the Dungeon.
You visited 1 branch of the dungeon, and saw 2 of its levels.

You collected 55 gold pieces.


Innate Abilities, Weirdness & Mutations

You have a beak for a mouth.
You have claws for feet.


   Skills:
 - Level 2.0 Fighting
 + Level 4.1 Axes
 - Level 1.0 Throwing
 - Level 1.1 Armour
 - Level 2.1 Dodging
 - Level 2.0 Spellcasting
 - Level 2.4 Translocations


You had 6 spell levels left.
You didn't know any spells.
Your spell library contained the following spells:

 Spells                   Type           Power      Damage    Failure   Level
 Blink                    Tloc           14%        N/A       30%         2
 Gell's Gravitas          Tloc           7%         N/A       52%         3
 Lesser Beckoning         Tloc           7%         N/A       52%         3
 Teleport Other           Tloc           7%         N/A       52%         3
 Manifold Assault         Tloc           7%         N/A       99%         5

Inventory:

Hand Weapons
 d - a +0 whip
 Y - a +0 hand axe (weapon)
Armour
 h - a +1 ring mail of willpower (worn)
Potions
 e - a potion of mutation {unknown}

Dungeon Overview and Level Annotations

Branches:
Dungeon (2/15)

Altars:


Message History

Enter note:
Enter note:
Enter note:
Enter note:
Enter note:
Enter note:
Enter note:
Enter note:
Enter note:
Enter note:
601 ||| READING scroll labelled XYBIXA ICEOSAW.
As you read the scroll labelled XYBIXA ICEOSAW, it crumbles to dust.
A profound silence engulfs you.
It was a scroll of silence.
You start waiting.
Your hearing returns.
A ball python comes into view.
639 ||| Stepping ~*~*~tactically~*~*~ (stealth).
640 ||| Stepping ~*~*~tactically~*~*~ (stealth).
641 ||| READING scroll labelled JAUBBI MOXI.
The air fills with toxic fumes!
As you read the scroll labelled JAUBBI MOXI, it crumbles to dust.
It was a scroll of poison.
642 ||| DROPPING scroll of blinking.
You drop a scroll of blinking.
(D) Dungeon
Where to? (* - list waypoints, ? - help)
What level of the Dungeon? (default 1, ? - help) Sorry, I don't know how to get there.
Partly explored, can't reach some items and places.
643 ||| Stepping randomly (stuck).
Really walk into that cloud of poison gas?
You are engulfed in poison gas.
You are lethally poisoned!
You feel very sick.
644 ||| Stepping ~*~*~tactically~*~*~ (cloud).
You feel very sick.
You see here a scroll of blinking.
There is a lethal amount of poison in your body!
You feel very sick.
There is a lethal amount of poison in your body!
You die...

,,,,,,,,,,* *,*,,,,,,,,,,**,,,,
,,,,,,,,,,*****,,,.......,,*****,
,,,,,,,,,,,,,,,,...).....#** *,
,,,,,,,,,,****,,,.....¤..# *,
******,*,,,,,,,,,.S..¤¤..* *, *
*,*,*###,,*,...¤¤¤..* *, *
*,,,,#¤..,,,#.¤¤¤#### *, *
***.¤#¤¤¤####¤¤¤¤¤..#******,
***** *.¤¤¤¤¤¤0@¤¤¤¤¤¤...,,,,,,,
,**,* *,#..##0¤¤¤0¤¤¤##.,***,,*,
,,,,****,*,,*#¤¤¤¤¤00¤#**,***,**,
**,,**,,,,,.0¤¤¤¤¤¤¤¤¤¤..(,**,**,
,,,,,,,*...¤¤¤0¤¤0¤¤0¤####,,*,**,
,........0¤0¤¤0¤0¤¤¤¤¤¤.,,,,,,**,
,........¤¤#####¤¤¤#¤¤0..,,,,***,
,........0¤.####¤#¤¤¤¤¤...,,,* *,
,..#.........##..#........,,,***,


There were no monsters in sight!

Vanquished Creatures
  An adder (D:2)
  4 bats
  An endoplasm (D:2)
  3 goblins
  2 hobgoblins (D:2)
  6 kobolds (D:1)
  A quokka (D:1)
  3 ball pythons
  2 frilled lizards (D:1)
  3 rats (D:1)
26 creatures vanquished.

Vanquished Creatures (others)
  11 plants (D:1)
11 creatures vanquished.

Grand Total: 37 creatures vanquished

Notes
Turn   | Place    | Note
-------+----------+-------------------------------------------
     0 | D:1      | qw the Tengu Warper began the quest for the Orb.
     0 | D:1      | Reached XP level 1. HP: 12/12 MP: 4/4
     0 | D:1      | 0 ||| qw: Version: 0.1-a-89-g26bdef1
     0 | D:1      | 0 ||| qw: Game counter: 3608
     0 | D:1      | 0 ||| qw: Always use a shield: true
     0 | D:1      | 0 ||| qw: God list: Okawaru
     0 | D:1      | 0 ||| qw: Allow faded altars: false
     0 | D:1      | 0 ||| qw: Do Orc after D:15 true
     0 | D:1      | 0 ||| qw: Do second Lair branch before Depths: true
     0 | D:1      | 0 ||| qw: Lair rune preference: random
     0 | D:1      | 0 ||| qw: Plans: Normal
     0 | D:1      | 0 ||| PLANNING D:1-11
    72 | D:1      | Reached skill level 3 in Axes
    72 | D:1      | Reached XP level 2. HP: 15/17 MP: 6/6
   103 | D:1      | 103 ||| DROPPING +0 club.
   144 | D:1      | 144 ||| Stepping ~*~*~tactically~*~*~ (stealth).
   152 | D:1      | 152 ||| Stepping ~*~*~tactically~*~*~ (stealth).
   205 | D:1      | 205 ||| Stepping ~*~*~tactically~*~*~ (stealth).
   206 | D:1      | 206 ||| Stepping ~*~*~tactically~*~*~ (stealth).
   429 | D:1      | You fall into a shaft and drop 1 floor!
   450 | D:2      | Reached XP level 3. HP: 13/21 MP: 7/7
   465 | D:2      | 465 ||| Stepping ~*~*~tactically~*~*~ (stealth).
   484 | D:2      | Reached skill level 4 in Axes
   582 | D:2      | 582 ||| UPGRADING to +1 ring mail of willpower.
   592 | D:2      | 592 ||| DROPPING +0 leather armour.
   593 | D:2      | 593 ||| READING scroll labelled LEILIU OZEU.
   600 | D:2      | 600 ||| READING scroll labelled XUREIME MEPSE.
   601 | D:2      | 601 ||| READING scroll labelled XYBIXA ICEOSAW.
   639 | D:2      | 639 ||| Stepping ~*~*~tactically~*~*~ (stealth).
   640 | D:2      | 640 ||| Stepping ~*~*~tactically~*~*~ (stealth).
   641 | D:2      | 641 ||| READING scroll labelled JAUBBI MOXI.
   642 | D:2      | 642 ||| DROPPING scroll of blinking.
   643 | D:2      | 643 ||| Stepping randomly (stuck).
   644 | D:2      | 644 ||| Stepping ~*~*~tactically~*~*~ (cloud).
   644 | D:2      | HP: 4/21 [poisoned by you (poison gas)]
   645 | D:2      | HP: 1/21 [poisoned by you (poison gas)]
   646 | D:2      | Succumbed to their own poison gas

Levels and vault maps discovered:
D:1:      lightli_arrival_statuegarden, layout_rooms, basic_ecumenical_altar,
          lexackson_kobold_supper
D:2:      layout_rooms

Skill      XL: |  1  2  3 |
---------------+----------+-----
Axes           | 3 4 |  4.1
Fighting       | |  2.0
Throwing       | |  1.0
Armour         | |  1.1
Dodging        | |  2.1
Spellcasting   | |  2.0
Translocations | |  2.4

Action                   || total
-------------------------++-------
Melee: Hand axe          ||    39
       Peck              ||     4
       Kick              ||     7
Throw: Boomerang         ||     7
  Use: Scroll            ||     4
 Stab: Distracted        ||     1
Armor: Leather armour    ||     7
Dodge: Dodged            ||    18

Table legend:
 A = Non-vault XP
 B = Vault XP
 C = Vault XP percentage of total XP
 D = Non-vault monster count
 E = Vault monster count
 F = Vault count percentage of total count
                 A         B        C        D         E       F
            +---------+---------+-------+---------+---------+-------
      Total |      41 |      12 |  22.6 |      18 |       8 |  30.8
            +---------+---------+-------+---------+---------+-------
        D:1 |      16 |      12 |  42.9 |      10 |       8 |  44.4
        D:2 |      25 |       0 |   0.0 |       8 |       0 |   0.0
            +---------+---------+-------+---------+---------+-------
